 Dungeon Sprint DCSS version 0.27.1 (webtiles) character file.

Game seed: 595996973780927708

5042 styxcanada the Imperceptible (level 10, -1/53 HPs)
             Began as a Spriggan Brigand on Aug 27, 2021.
             Was an Initiate of Gozag.
             Slain by a spriggan (10 damage)
             ... in the Dungeon (Sprint IV: "Fedhas' Mad Dash").
             The game lasted 00:09:41 (1646 turns).

styxcanada the Imperceptible (Spriggan Brigand)     Turns: 1646, Time: 00:09:41

Health: -1/53      AC:  3    Str:  7    XL:     10   Next: 30%
Magic:  18/18      EV: 24    Int: 14    God:    Gozag
Gold:   1441       SH:  6    Dex: 19    Spells: 14/18 levels left

rFire    . . .     SeeInvis +   q - +3 short sword (venom)
rCold    . . .     Faith    .   m - +0 buckler {reflect}
rNeg     . . .     Spirit   .   b - +0 robe
rPois    +         Reflect  +   (helmet restricted)
rElec    .         Harm     .   c - +0 cloak
rCorr    .         Rampage  .   (gloves unavailable)
Will     +....     NoTele   +   (boots unavailable)
Stlth    ++++++++..             l - amulet of invisibility {+Inv}
HPRegen  0.17/turn              g - ring of poison resistance
MPRegen  0.16/turn              (no ring)

@: gold aura, very slightly contaminated, very quick
A: very small, no large weapons, unfitting armour, see invisible, speed 3,
deterioration 1
a: Renounce Religion, Evoke Invisibility, Potion Petition, Call Merchant, Bribe
Branch


You were in the Dungeon.
You worshipped Gozag.
Gozag was most pleased with you.
You visited 1 branch You collected 2048 gold pieces.
You spent 607 gold pieces at shops.

Inventory:

Hand Weapons
 a - a +2 dagger
 o - a +0 short sword of holy wrath
 q - a +3 short sword of venom (weapon)
Missiles
 d - 8 poisoned darts (quivered)
 e - a curare-tipped dart
 v - 27 sling bullets
Armour
 b - a +0 robe (worn)
 c - a +0 cloak (worn)
 m - a +0 buckler of reflection (worn)
 x - a scarf of repulsion
Jewellery
 g - a ring of poison resistance (left hand)
 l - the amulet of invisibility (around neck) {+Inv}
   (You found it in the Dungeon)

   [amulet of nothing]

   +Inv:      It lets you turn invisible.
Scrolls
 j - a scroll of fear {unknown}
 k - a scroll of blinking
 n - a scroll of vulnerability
 p - a scroll of immolation
 t - a scroll of summoning
 u - a scroll of holy word
 w - a scroll of identify
Potions
 f - a potion of curing
 h - a potion of haste
 i - 2 potions of magic
 r - a potion of might
 s - a potion of heal wounds


   Skills:
 * Level 6.9 Fighting
 + Level 6.7 Short Blades
 + Level 5.8 Throwing
 * Level 10.7 Dodging
 * Level 22.8 Stealth
 + Level 1.2 Shields
 * Level 4.9 Spellcasting
 * Level 2.9 Conjurations
 * Level 3.2 Ice Magic
 * Level 12.2 Evocations


You had 14 spell levels left.
You knew the following spells:

 Your Spells              Type           Power      Damage    Failure   Level
a - Hailstorm             Conj/Ice       12%        3d5       58%         4

Your spell library contained the following spells:

 Spells                   Type           Power      Damage    Failure   Level
 Animate Skeleton         Necr           6%         N/A       26%         1
 Pain                     Necr           12%        1d4       26%         1
 Vampiric Draining        Necr           1%         2d6       63%         3
 Ice Form                 Ice/Tmut       8%         N/A       80%         4
 Simulacrum               Ice/Necr       4%         N/A       100%        6


Dungeon Overview and Level Annotations

Branches:
Dungeon (1/1)

Altars:
Cheibriados
Dithmenos
Elyvilon
Gozag
Hepliaklqana
Kikubaaqudgha
Makhleb
Nemelex Xobeh
Okawaru
Qazlal
Ru
Sif Muna
Trog
Uskayaw
Vehumet
Wu Jian
Xom
Yredelemnul
Zin
The Shining One
Beogh
Jiyva
Lugonu

Shops:
D ?(!*?


Innate Abilities, Weirdness & Mutations

You are very small and have problems with some larger weapons.
You are too small for most types of armour.
You have supernaturally acute eyesight. (SInv)
You cover ground extremely quickly. (Speed+++)
Your body sometimes deteriorates upon taking damage.


Message History

Throw: 9 darts (poison)
Press: ? - help, Q - select action, (/) - cycle Shift-Dir - straight line, f - you Really target yourself?
Okay, then.
There is an open door here.
Throw: 9 darts (poison)
Press: ? - help, Q - select action, (/) - cycle Shift-Dir - straight line, f - spriggan rider
Aim: a spriggan rider, wielding a +0 spear (lightly wounded, 42% to hit)
You throw a poisoned dart.
The poisoned dart hits the spriggan rider.
The spriggan rider is poisoned.
The spriggan rider is lightly wounded.
The spriggan rider misses you.
You feel much better.
The spriggan rider completely misses you.
You hit the spriggan rider.
The spriggan rider looks even sicker.
The spriggan rider is lightly wounded.
The spriggan rider closely misses you.
You hit the spriggan rider.
The spriggan rider looks as sick as possible!
The spriggan rider is moderately wounded.
The spriggan rider hits you with a +0 spear!!
You hit the spriggan rider.
The spriggan rider looks as sick as possible!
The spriggan rider is heavily wounded.
The spriggan rider completely misses you.
You hit the spriggan rider.
The spriggan rider is heavily wounded.
The spriggan rider hits you with a +0 spear!
* * * LOW HITPOINT WARNING * * *
You hit the spriggan rider.
You kill the hornet!
The spriggan falls from its now dead mount.
You miss the spriggan.
The spriggan hits you but does no damage.
You hit the spriggan.
The spriggan is lightly wounded.
The spriggan hits you with a +0 spear!
You die...
Your body crumbles into a pile of gold.

###########################
._._._._.⌠.#..(...#....##∩#
_._._(_._..'..#i@.#....').#
._._._._...#..###'##.[.##∩#$$####
_._._._._..#..##∩∩.'...#### ....#
._._._._.⌠.#################...∩#
################....[.###.....♣
♣♣♣..♣.###ii.i'.....(.'.(.i.♣
.(.♣..♣##..#..#.P.....#######
♣♣♣i♣).###.##+##.P....#
..♣...♣'(ii# ########


You could see a spriggan (extremely poisoned).

Vanquished Creatures
  A spriggan druid (D)
  6 oklob plants (D)
  A demonic crawler (D)
  A queen bee (D)
  3 wandering mushrooms (D)
  A hornet (D)
  3 burning bushes (D)
  3 scorpions (D)
  4 killer bees (D)
  5 oklob saplings (D)
  3 spriggans (D)
  A river rat (D)
  A rat (D)
  A ballistomycete spore (D)
34 creatures vanquished.

Vanquished Creatures (others)
  A fungus (D)
1 creature vanquished.

Grand Total: 35 creatures vanquished

Notes
Turn   | Place    | Note
-------+----------+-------------------------------------------
     0 | D        | styxcanada the Spriggan Brigand began the quest for the
                  | Orb.
     0 | D        | Reached XP level 1. HP: 10/10 MP: 2/2
     9 | D        | Reached skill level 8 in Stealth
     9 | D        | Reached XP level 2. HP: 15/15 MP: 3/3
    16 | D        | Noticed an oklob sapling
    20 | D        | Killed an oklob sapling
    21 | D        | Reached skill level 10 in Stealth
    21 | D        | Reached XP level 3. HP: 18/18 MP: 4/4
   171 | D        | Noticed a scorpion
   171 | D        | Found the amulet of invisibility {+Inv}
   186 | D        | Killed a scorpion
   187 | D        | Reached skill level 12 in Stealth
   187 | D        | Reached XP level 4. HP: 23/23 MP: 5/5
   218 | D        | Found an opulent altar of Gozag.
   218 | D        | Found a hazy altar of Hepliaklqana.
   218 | D        | Found a burning altar of Makhleb.
   218 | D        | Found a sparkling altar of Nemelex Xobeh.
   218 | D        | Found a snail-covered altar of Cheibriados.
   218 | D        | Found a sacrificial altar of Ru.
   218 | D        | Found a shimmering blue altar of Sif Muna.
   218 | D        | Found a shimmering altar of Xom.
   218 | D        | Found a basalt altar of Yredelemnul.
   219 | D        | Found a viscous altar of Jiyva.
   219 | D        | Found a bloodstained altar of Trog.
   219 | D        | Found an ornate altar of the Wu Jian Council.
   220 | D        | Found an iron altar of Okawaru.
   220 | D        | Found a shadowy altar of Dithmenos.
   220 | D        | Found a glowing silver altar of Zin.
   221 | D        | Found an ancient bone altar of Kikubaaqudgha.
   221 | D        | Found a hide-covered altar of Uskayaw.
   222 | D        | Found a stormy altar of Qazlal.
   222 | D        | Found a white marble altar of Elyvilon.
   222 | D        | Found a glowing golden altar of the Shining One.
   223 | D        | Became a worshipper of Gozag Ym Sagoz the Greedy
   224 | D        | Found a corrupted altar of Lugonu.
   224 | D        | Found a radiant altar of Vehumet.
   228 | D        | Reached skill level 13 in Stealth
   228 | D        | Reached skill level 1 in Evocations
   228 | D        | Reached XP level 5. HP: 28/28 MP: 3/6
   278 | D        | Reached skill level 14 in Stealth
   323 | D        | Reached skill level 5 in Dodging
   564 | D        | Reached skill level 15 in Stealth
   590 | D        | Reached XP level 6. HP: 33/33 MP: 7/7
   631 | D        | Found Kuiv's Antique Weapon Shop.
   631 | D        | Found Egemirgh's Magic Scroll Emporium.
   637 | D        | Bought a scroll of identify for 26 gold pieces
   637 | D        | Bought a scroll of identify for 26 gold pieces
   637 | D        | Bought a scroll of immolation for 45 gold pieces
   638 | D        | Bought a glowing short sword for 156 gold pieces
   651 | D        | Noticed a burning bush
   651 | D        | Noticed a wandering mushroom
   652 | D        | Noticed a wandering mushroom
   659 | D        | Killed a wandering mushroom
   660 | D        | Reached skill level 17 in Stealth
   660 | D        | Reached skill level 5 in Evocations
   660 | D        | Reached XP level 7. HP: 4/38 MP: 5/8
   665 | D        | Killed a wandering mushroom
   666 | D        | Reached skill level 18 in Stealth
   966 | D        | Killed a burning bush
   967 | D        | Reached skill level 5 in Fighting
   967 | D        | Reached skill level 5 in Throwing
   969 | D        | Found Xaatauma's General Store.
   969 | D        | Found Biafokk's Distillery.
  1031 | D        | Bought a potion of might for 40 gold pieces
  1031 | D        | Bought a potion of heal wounds for 50 gold pieces
  1033 | D        | Bought a scroll of summoning for 114 gold pieces
  1033 | D        | Bought a scroll of holy word for 90 gold pieces
  1033 | D        | Bought a potion of heal wounds for 60 gold pieces
  1126 | D        | Noticed a burning bush
  1128 | D        | Noticed a queen bee
  1131 | D        | Noticed a burning bush
  1135 | D        | Killed a queen bee
  1136 | D        | Reached skill level 19 in Stealth
  1136 | D        | Reached XP level 8. HP: 43/43 MP: 7/9
  1152 | D        | Noticed an oklob plant
  1155 | D        | Killed an oklob plant
  1156 | D        | Reached skill level 5 in Short Blades
  1156 | D        | Reached skill level 20 in Stealth
  1174 | D        | Noticed an oklob plant
  1177 | D        | Killed a burning bush
  1182 | D        | Gained mutation: Your body sometimes deteriorates upon
                  | taking damage. [mutagenic glow]
  1187 | D        | Learned a level 4 spell: Hailstorm
  1246 | D        | Noticed a wandering mushroom
  1247 | D        | Killed a burning bush
  1248 | D        | Reached skill level 1 in Shields
  1248 | D        | Reached skill level 1 in Spellcasting
  1248 | D        | Reached skill level 10 in Evocations
  1248 | D        | Reached XP level 9. HP: 48/48 MP: 7/11
  1252 | D        | Killed an oklob plant
  1253 | D        | Reached skill level 21 in Stealth
  1253 | D        | Reached skill level 1 in Conjurations
  1253 | D        | Reached skill level 1 in Ice Magic
  1256 | D        | Killed a wandering mushroom
  1336 | D        | Noticed a spriggan druid
  1338 | D        | Killed a spriggan druid
  1339 | D        | Reached skill level 10 in Dodging
  1418 | D        | Noticed an oklob plant conjurer
  1419 | D        | Killed an oklob plant conjurer
  1490 | D        | Noticed an oklob plant
  1490 | D        | Noticed an oklob plant summoner
  1491 | D        | Noticed an oklob plant shifter
  1495 | D        | Killed an oklob plant
  1496 | D        | Reached skill level 22 in Stealth
  1496 | D        | Reached XP level 10. HP: 53/53 MP: 13/17
  1497 | D        | Killed an oklob plant summoner
  1500 | D        | Killed an oklob plant shifter
  1542 | D        | Noticed a spriggan rider
  1543 | D        | Found Yblewn's Magic Scroll Emporium.
  1646 | D        | Slain by a spriggan

Illustrated notes

Levels and vault maps discovered:
D:        dungeon_sprint_fedhas [sprint_temple]

Skill      XL: |  1  2  3  4  5  6  7  8  9 10 |
---------------+-------------------------------+-----
Dodging        | 2 3 4 5 6 8 9 10 | 10.7
Stealth        | 8 10 12 13 15 17 19 20 22 | 22.8
Fighting       | 2 3 4 5 6 |  6.9
Short Blades   | 3 4 5 6 |  6.7
Evocations     | 1 3 5 8 10 11 12 | 12.2
Throwing       | 3 4 5 |  5.8
Shields        | 1 |  1.2
Spellcasting   | 1 4 |  4.9
Conjurations   | 2 |  2.9
Ice Magic      | 2 3 |  3.2

Action                   |  1- 3 |  4- 6 |  7- 9 | 10-12 || total
-------------------------+-------+-------+-------+-------++-------
Melee: Dagger            |     6 |     9 |       |       ||    15
       Short sword       |       |     6 |    38 |    19 ||    63
Throw: Dart              |     3 |    14 |       |    12 ||    29
 Abil: Evoke Invisibilit |       |     4 |     7 |     1 ||    12
  Use: Potion            |     1 |       |     2 |     2 ||     5
       Scroll            |       |       |     3 |       ||     3
 Stab: Sleeping          |     1 |     2 |    15 |     3 ||    21
       Invisible         |       |     4 |     2 |       ||     6
Armor: Robe              |     1 |       |       |     1 ||     2
Dodge: Dodged            |     4 |    15 |     6 |    12 ||    37
Block: Buckler           |       |     3 |     1 |     6 ||    10
       Reflection        |       |       |     1 |       ||     1
